← All builds
Geo sea / Cortex / Economy first / OBSERVED BUILD

Standard geo sea

Cortex Geo sea build order · Supreme Isthmus

The role's default economy-first play: bot lab then shipyard in the cove, quick frigate/submarine/destroyer navy to contest sea and hold the coast, transitioning into whatever the sea fight needs.

Usually shipyard in the cove (98%)

#naval #eco · 976 distinct matches · 100 players · 83% of Cortex Geo sea games · team won 52% of 1095 · Recently observed

HOW TO PLAY IT

Key timing: Shipyard by 3:18

  1. Open 3 mex, wind and solar, then Bot Lab.
  2. Get a BP and costal torpedo launcher up before the Shipyard.
  3. Put up Shipyard once you can defend it.
  4. Push out "submarine" and "frigate" to contest the sea.
  5. Add geothermal to fund the fleet transition into "destroyer", "missile corvette".

Phase by phase

TYPICAL OF ITS 976 GAMES
  1. 1
  2. 2
  3. 3
  4. 4
PLAY THE OPENING

Follow the example game's first 6:00 step by step: what to build now, what comes next, and where it goes. At 1× it keeps pace with your own game.

  1. 1

    Up to the Bot Lab

    Economy
    • Metal Extractor3Mex
    • Wind Turbine3Wind
    Order
    1. Bot LabBot Lab after 3 mex, 3 winddone ~1:12, middle half 1:06–1:26

    Some games also: wind for allies (49%)

    By 0:55 in all: 3 mex · 3 wind

    The example game in this phase · 7 steps
    1. Mex ×3
    2. Wind ×3
    3. Wind ×2for Air
    4. Wind
    5. Energy storage
    6. StorkLight transport
    7. Bot LabBot Labdone 1:34 · typical 1:12
  2. 2

    Bot Lab to Shipyard

    Economy
    • Metal Extractor1Mex
    • Wind Turbine2Wind
    Order
    1. ShipyardShipyard after 4 mex, 5 wind, 1 energy storagedone ~3:17, middle half 3:02–3:33
    Builders
    • Construction Bot3 Con bot
    • Graverobber2 Graverobber
    Army
    • Grunt1 Grunt

    Some games also: con turret (46%) · trasher (39%) · energy storage (34%) · wind for allies (32%)

    By 2:51 in all: 4 mex · 5 wind

    The example game in this phase · 10 steps
    1. Wind
    2. GraverobberGraverobber
    3. Wind
    4. GraverobberGraverobber
    5. Construction BotCon bot ×3
    6. GruntGrunt ×2
    7. GraverobberGraverobber
    8. Mex
    9. GraverobberGraverobber
    10. ShipyardShipyarddone 3:38 · typical 3:17
  3. 3

    Shipyard to 5:00

    Economy
    • Metal Extractor4Mex
    Builders
    • Construction Ship1 Con ship
    Army
    • Riptide2 Frigate
    • Orca1 Submarine
    Other
    • Radar Tower1 Radar Tower

    Some games also: Guard (49%) · wind (48%) · missile corvette (48%) · destroyer (46%) · gunboat (40%)

    By 5:00 in all: 8 mex · 6 wind · 1 energy storage · 1 con turret

    The example game in this phase · 12 steps
    1. Construction ShipCon ship
    2. HerringMissile corvette
    3. ThistleThistle
    4. RiptideFrigatedone 4:19 · typical 4:35
    5. Mex
    6. Radar TowerRadar Tower
    7. Mex ×2
    8. RiptideFrigate
    9. Mex
    10. RiptideFrigate
    11. Mex ×2
    12. Con turret
  4. 4

    5:00 to 10:00

    Economy
    • Metal Extractor2Mex
    • Wind Turbine8Wind
    • Energy Converter1Converter
    Builders
    • Construction Turret1 Con turret
    • Death Cavalry2 Death Cavalry
    • Construction Ship1 Con ship
    Army
    • Guard2 Guard
    • Riptide5 Frigate
    • Oppressor2 Destroyer
    Other
    • Naval Radar / Sonar Tower2 Naval Radar / Sonar Tower

    Some games also: geo (47%) · Thistle (40%) · submarine (34%)

    By 10:00 in all: 10 mex · 15 wind · 1 geo · 4 converter · 1 energy storage · 2 con turret

    The example game in this phase · 92 steps
    1. OppressorDestroyerdone 6:11 · typical 5:52
    2. Converter
    3. GuardGuard
    4. Mex
    5. Wind
    6. Naval Radar / Sonar TowerNaval Radar / Sonar Tower
    7. GuardGuard
    8. ThistleThistle
    9. UrchinUrchin
    10. Wind
    11. OppressorDestroyer
    12. Wind
    13. Geothermal PowerplantGeodone 9:08 · typical 7:59
    14. GuardGuard
    15. Wind
    16. RiptideFrigate
    17. Wind
    18. UrchinUrchin
    19. Naval Radar / Sonar TowerNaval Radar / Sonar Tower
    20. RiptideFrigate
    21. Wind
    22. GuardGuard
    23. Death CavalryDeath Cavalry
    24. Wind
    25. Naval Radar / Sonar TowerNaval Radar / Sonar Tower
    26. Death CavalryDeath Cavalry
    27. Wind ×2
    28. Death CavalryDeath Cavalry
    29. ThistleThistle
    30. Wind ×3
    31. Advanced Metal ExtractorT2 mexdone 9:52 · typical 9:22
    32. Naval Radar / Sonar TowerNaval Radar / Sonar Tower
    33. ThistleThistle
    34. OppressorDestroyer
    35. Wind ×4
    36. Naval Radar / Sonar TowerNaval Radar / Sonar Tower
    37. Wind ×3
    38. HerringMissile corvette
    39. Advanced Metal ExtractorT2 mex
    40. Wind
    41. Death CavalryDeath Cavalry
    42. Wind
    43. Converter
    44. Wind
    45. OppressorDestroyer
    46. Wind
    47. Advanced Metal ExtractorT2 mex
    48. Converter
    49. Wind ×4
    50. OppressorDestroyer
    51. Converter
    52. SlingshotSlingshot
    53. Wind ×2
    54. Advanced Metal ExtractorT2 mex
    55. HerringMissile corvette
    56. Wind
    57. Converter
    58. OppressorDestroyer
    59. Wind
    60. UrchinUrchin
    61. Wind ×2
    62. Con turret
    63. Wind
    64. Death CavalryDeath Cavalry
    65. Con turret
    66. Advanced Metal ExtractorT2 mex
    67. OppressorDestroyer
    68. Wind
    69. Con turret
    70. OrcaSubmarinedone 13:14 · typical 4:19
    71. Wind
    72. Advanced Metal ExtractorT2 mex
    73. OppressorDestroyer
    74. HerringMissile corvette
    75. Wind
    76. Naval Radar / Sonar TowerNaval Radar / Sonar Tower
    77. Death CavalryDeath Cavalry
    78. Con turret
    79. OppressorDestroyer
    80. Wind
    81. OppressorDestroyer
    82. HerringMissile corvette
    83. Death CavalryDeath Cavalry
    84. OppressorDestroyer
    85. Wind
    86. OppressorDestroyer
    87. Naval Radar / Sonar TowerNaval Radar / Sonar Tower
    88. HerringMissile corvette
    89. Wind
    90. Death CavalryDeath Cavalry
    91. OppressorDestroyer ×2
    92. Wind

Counts are medians over the build's games: half of them build more, half fewer. The example game is hainTsu's (36 OS, 18/09/2026); pick another.

Team trades

IN AT LEAST 30% OF ITS GAMES

You hand over

  • Wind Turbine2 Wind to Airfirst at 1:48 · in 72% of games

You get

  • Finch1 Finch from Airfirst at 1:51 · in 83% of games
  • Hercules1 Light transport from Airfirst at 2:00 · in 75% of games
  • Advanced Construction Bot1 T2 con bot from Techfirst at 7:44 · in 89% of games

How it plays out

Typical game of this build, running totals by minute

Metal produced

010k20k30k
0:005:0010:0015:00

metal

Enemy metal destroyed

05k10k
0:005:0010:0015:00

metal

Own metal lost

02.5k5k7.5k
0:005:0010:0015:00

metal

1095 games.

Show as table
ByMetal produced: This buildEnemy metal destroyed: This buildOwn metal lost: This build
1:0039700
2:0092800
3:00156700
4:002900051
5:00410813052
6:005463440241
7:006945930551
8:0086091570904
9:001049124521351
10:001261236252061
11:001521948812901
12:001812163983761
13:002141473934451
14:002501686485371
15:002879197536300
WHAT THE NUMBERS SAY

Standard Cortex geo sea sits at an even 50% win rate, trading a slower start for a big resource lead by 15:00.

  • + Metal produced hits 28451 by 15:00, well above both front roles
  • + Own metal lost stays far below enemy metal destroyed at every checkpoint
  • − Only 50% team win rate, the lowest of these six builds
  • − T2 factory only completes in 40% of games by 12:53
THE EXAMPLE YOU ARE READING

hainTsu

35.7 OS · 18/09/2026

Open source match ↗

6 received units · includes a constructor
6 metal received · 431 energy received

Allied construction assistance is unknown. Timings are observations, not a promise of solo reproducibility.

Typical milestones

Bot Lab1:12Middle 50%: 1:06–1:26 · n=1084
Shipyard3:17Middle 50%: 3:02–3:33 · n=1089
Orca4:19Middle 50%: 3:54–5:00 · n=754
Riptide4:35Middle 50%: 4:08–5:20 · n=1063
Oppressor5:52Middle 50%: 5:08–6:35 · n=991
Geothermal Powerplant7:59Middle 50%: 7:01–9:00 · n=654
Advanced Metal Extractor9:22Middle 50%: 8:45–10:10 · n=940

Played most by

sirniho122games of this buildSHOGVN92games of this buildOptimusprimenutt84games of this buildPRO_Rerory47games of this buildhihimik41games of this build